 Dungeon Crawl Stone Soup version 0.32-a0-616-g9348d4545b (webtiles) character file.

Game seed: 4144789429786509085

7 jasper the Ruffian (level 1, -1/15 HPs)
             Began as a Demonspawn Shapeshifter on Mar 5, 2024.
             Slain by a hobgoblin
             ... wielding a +3 mace
              (8 damage)
             ... on level 1 of the Dungeon.
             The game lasted 00:00:25 (85 turns).

jasper the Ruffian (Demonspawn Shapeshifter)          Turns: 85, Time: 00:00:26

Health: -1/15      AC:  2    Str: 14    XL:     1   Next: 91%
Magic:  1/1        EV: 12    Int: 10    God:
Gold:   10         SH:  0    Dex: 12    Spells: 0/0 levels left

rFire   . .          .
                       - Unarmed
rCold   . . .        (no shield)
rNeg    . . .        a - +0 animal skin
rPois   .            (helmet currently unavailable)
rElec   .            (cloak currently unavailable)
rCorr   .            (gloves currently unavailable)
SInv    .            (boots currently unavailable)
Will    .....        (no amulet)
Stlth   +            (no ring)
HPRegen 0.22/turn    (no ring)
MPRegen 0.07/turn

%: no passive effects
@: beast-form
A: beast (slay +1)
a: Begin Untransformation


You were on level 1 of the Dungeon.
You were a hulking beast.
You visited 1 branch of the dungeon, and saw 1 of its levels.

You collected 10 gold pieces.

Inventory:

Armour
 a - a +0 animal skin (worn)
 e - a +0 helmet
Talismans
 c - a beast talisman (active)
 d - a flux talisman
Potions
 b - a potion of lignification


   Skills:
 + Level 1.5 Fighting
 - Level 1.7 Dodging
 - Level 3.0 Unarmed Combat
 - Level 2.6 Shapeshifting


You couldn't memorise any spells.
You didn't know any spells.
Your spell library was empty.

Dungeon Overview and Level Annotations

Branches:
Dungeon (1/15)

Altars:


Message History

The bat barely misses you.
Found a scroll labelled VEAJEUPREC.
Found a stone staircase leading down.
The bat attacks as it pursues you! The bat misses you. The bat hits you.
The bat closely misses you.
You take 1 damage, and have 13/15 hp.
The bat closely misses you.
You closely miss the bat. The bat misses you. The bat barely misses you.
You barely miss the bat. The bat barely misses you. The bat closely misses you.
You hit the bat. Your punch misses the bat.
The bat is heavily wounded.
The bat hits you but does no damage.
You completely miss the bat.
The bat is moderately wounded.
The bat closely misses you. x2
You hit the bat. You punch the bat.
You kill the bat!
Health restored: 15 You barely miss the frilled lizard.
The frilled lizard bites you.
You take 2 damage, and have 13/15 hp.
You barely miss the frilled lizard. The frilled lizard barely misses you.
You closely miss the frilled lizard. The frilled lizard barely misses you.
You hit the frilled lizard.
You kill the frilled lizard!
You hit the ball python.
The ball python is severely wounded.
The ball python bites you. The ball python grabs you.
The ball python constricts you. The ball python bites you.
The ball python constricts you.
You take 4 damage, and have 9/15 hp.
MASSIVE DAMAGE!!
You hit the ball python.
You kill the ball python!
Training target 3.0 for Unarmed Combat reached!
Your Unarmed Combat skill increases to level 3!
You hit the hobgoblin but do no damage. The hobgoblin hits you with a +3 mace.
You take 2 damage, and have 7/15 hp.
You hit the hobgoblin.
The hobgoblin is moderately wounded.
The hobgoblin hits you with a +3 mace!
Ouch! That really hurt!
You die...

#.................###.##
#.......†.).).......... .
##................#.#.##..
#.[....##........# ......
#..##...####.....##......
#).####.# #..#.g.S.......
#..# .....###.g.#......
##..# ..#.# ####r.......
....# ..#. #.hgg.......
#...# . #...##..#.....
#...# .....## #..#.###.
#..... ...# #....#
##...... .. ....?#
##..#..... .......
##..#.... >.......
##..###.# .....#. #


You could see 2 hobgoblins and a rat.

Vanquished Creatures
  A ball python (D:1)
  A bat (D:1)
  A goblin (D:1)
  A hobgoblin (D:1)
  A kobold (D:1)
  A frilled lizard (D:1)
6 creatures vanquished.

Notes
Turn   | Place    | Note
-------+----------+-------------------------------------------
     0 | D:1      | jasper the Demonspawn Shapeshifter began the quest for the
                  | Orb.
     0 | D:1      | Reached XP level 1. HP: 15/15 MP: 1/1
    84 | D:1      | Reached skill level 3 in Unarmed Combat
    85 | D:1      | Slain by a hobgoblin

Illustrated notes

Levels and vault maps discovered:
D:1:      minmay_arrival_jagged, layout_rooms

Skill      XL: |  1 |
---------------+----+-----
Unarmed Combat | 3 |  3.0
Fighting       | |  1.5
Dodging        | |  1.7
Shapeshifting  | |  2.6

Action                     || total
---------------------------++-------
  Melee: Unarmed           ||    17
         Punch             ||     1
 Armour: Animal skin       ||    15
  Dodge: Dodged            ||    18

Table legend: (Time is in decaauts)
 A = Elapsed time spent in this place.
 B = Non-inter-level travel time spent in this place.
 C = Inter-level travel time spent in this place.
 D = Time resting spent in this place.
 E = Time spent auto-exploring this place.
 F = Levels seen in this place.
 G = Mean time per level.
                   A        B        C        D        E       F      G
               +--------+--------+--------+--------+--------+-----+--------+
         Total |     84 |     84 |      0 |      0 |     23 |   1 |   84.0 |
       Dungeon |     84 |     84 |      0 |      0 |     23 |   1 |   84.0 |
               +--------+--------+--------+--------+--------+-----+--------+

Top non-repeatable levels by time:
     D:1: 84 daAuts
